 Dungeon Crawl Stone Soup version 0.32-a0-938-g40ac7a0 (webtiles) character file.

Game seed: 10560501139419506677

16488550 Lovepenguin the Conqueror (level 27, 224/224 HPs)
             Began as an Octopode Shapeshifter on Apr 20, 2024.
             Was the Champion of Wu Jian.
             Escaped with the Orb
             ... and 15 runes on Apr 21, 2024!
             The game lasted 08:34:48 (94635 turns).

Lovepenguin the Conqueror (Octopode Shapeshifter)  Turns: 94635, Time: 08:34:49

Health: 224/224    AC:  8    Str: 36    XL:     27
Magic:  68/68      EV: 48    Int: 26    God:    Wu Jian [******]
Gold:   11884      SH: 27    Dex: 34    Spells: 57/71 levels left

rFire   + +          +
                       - Unarmed
rCold   + + +        P - +5 kite shield {rC+ rF+}
rNeg    + + +        K - +3 hat of Pondering {ponderous, Will+ MP+10 Int+5}
rPois   ∞            H - amulet of the Haunted Lemon {Will+ Regen+ Dex+2}
rElec   +            n - ring of Meulihye {rElec rN+ MP+9 Str+6 SInv}
rCorr   +            k - ring "Kapihawe" {rPois rN+ rCorr AC+4 Dex-2}
SInv    +            Q - ring of Pavuatof {rF+ rC+ Will+}
Will    +++++        W - ring of Moodiness {Will+ Int+3 Dex+6}
Stlth   +            E - ring of Eternal Night {rF+ rN++ Str-2 Slay+4}
HPRegen 1.37/turn    c - ring of protection from cold
MPRegen 0.41/turn    w - ring "Nehalen" {Str+6 Int+3}
                     x - ring of Amorality {Str+6 Int+4 Dex+3}

%: no passive effects
@: death-form, studying 6 skills, slow
A: vile attack, torment immunity, no potions, almost no armour, amphibious, 8
rings, camouflage 1, gelatinous body 1, (nimble swimmer 1), tentacles, strong 1,
wild magic 1
0: Orb of Zot
}: 15/15 runes: barnacled, slimy, silver, golden, iron, obsidian, icy, bone,
abyssal, demonic, glowing, magical, fiery, dark, gossamer
a: Siphon Essence, Begin Untransformation, Renounce Religion, Wall Jump,
Serpent's Lash, Heavenly Storm


You escaped.
You worshipped Wu Jian.
Wu Jian was exalted by your worship.
You were an undying horror.
You visited 18 branches of the dungeon, and saw 88 of its levels.
You visited Pandemonium 3 times, and saw 13 of its levels.
You visited the Abyss 3 times.
You also visited: Gauntlet and Wizlab.

You collected 30835 gold pieces.
You spent 11424 gold pieces at shops.
You paid 7527 gold pieces to Gozag.

Inventory:

Armour
 K - the +3 hat of Pondering (worn) {ponderous, Will+ MP+10 Int+5}
   (You found it on level 3 of the Elven Halls)

   Int+5:     It affects your intelligence (+5).
   Will+:     It increases your willpower.
   MP+10:     It affects your magic capacity (+10).
 P - a +5 kite shield of resistance (worn)
Jewellery
 c - a ring of protection from cold (on tentacle)
 k - the ring "Kapihawe" (right tentacle) {rPois rN+ rCorr AC+4 Dex-2}
   (You bought it in a shop on level 2 of the Orcish Mines)

   [ring of protection]

   AC+4:      It affects your AC (+4).
   Dex-2:     It affects your dexterity (-2).
   rPois:     It protects you from poison.
   rN+:       It protects you from negative energy.
   rCorr:     It protects you from acid and corrosion.
 n - the ring of Meulihye (left tentacle) {rElec rN+ MP+9 Str+6 SInv}
   (You bought it in a shop on level 2 of the Orcish Mines)

   [ring of strength]

   Str+6:     It affects your strength (+6).
   rElec:     It insulates you from electricity.
   rN+:       It protects you from negative energy.
   MP+9:      It affects your magic capacity (+9).
   SInv:      It lets you see invisible.
 w - the ring "Nehalen" (on tentacle) {Str+6 Int+3}
   (You bought it in a shop on level 15 of the Dungeon)

   [ring of strength]

   Str+6:     It affects your strength (+6).
   Int+3:     It affects your intelligence (+3).
 x - the ring of Amorality (on tentacle) {Str+6 Int+4 Dex+3}
   (You bought it in a shop on level 15 of the Dungeon)

   [ring of strength]

   Str+6:     It affects your strength (+6).
   Int+4:     It affects your intelligence (+4).
   Dex+3:     It affects your dexterity (+3).
 B - the ring "Otitu" {rPois rN+ Int+3}
   (You found it on level 7 of Tartarus)

   [ring of positive energy]

   Int+3:     It affects your intelligence (+3).
   rPois:     It protects you from poison.
   rN+:       It protects you from negative energy.
 E - the ring of Eternal Night (on tentacle) {rF+ rN++ Str-2 Slay+4}
   (You acquired it on level 3 of the Vaults)

   [ring of slaying]

   Str-2:     It affects your strength (-2).
   Slay+4:    It affects your accuracy & damage with ranged weapons and melee
   (+4).
   rF+:       It protects you from fire.
   rN++:      It greatly protects you from negative energy.
 H - the amulet of the Haunted Lemon (around mantle) {Will+ Regen+ Dex+2}
   (You found it on level 2 of the Depths)

   [amulet of regeneration]

   Dex+2:     It affects your dexterity (+2).
   Will+:     It increases your willpower.
   Regen+:    It increases your rate of health regeneration.
 J - the amulet "Duleus" {Reflect rN+ Will+ SH+5}
   (You found it on level 7 of the Iron City of Dis)

   [amulet of reflection]

   Reflect:   It reflects blocked missile attacks.
   rN+:       It protects you from negative energy.
   Will+:     It increases your willpower.
   SH+5:      It affects your SH (+5).
 Q - the ring of Pavuatof (on tentacle) {rF+ rC+ Will+}
   (You found it in a Gauntlet)

   [ring of protection from fire]

   rF+:       It protects you from fire.
   rC+:       It protects you from cold.
   Will+:     It increases your willpower.
 T - the ring "Sivem" {rF+ rCorr Str+4 Int-3}
   (You found it on level 5 of the Pits of Slime)

   [ring of protection from fire]

   Str+4:     It affects your strength (+4).
   Int-3:     It affects your intelligence (-3).
   rF+:       It protects you from fire.
   rCorr:     It protects you from acid and corrosion.
 W - the ring of Moodiness (on tentacle) {Will+ Int+3 Dex+6}
   (You acquired it on level 2 of the Vaults)

   [ring of willpower]

   Int+3:     It affects your intelligence (+3).
   Dex+6:     It affects your dexterity (+6).
   Will+:     It increases your willpower.
 X - the ring "Ole Vere" {rElec rN+ Will+ Str+4 SInv}
   (You found it on level 3 of the Tomb of the Ancients)

   [ring of see invisible]

   Str+4:     It affects your strength (+4).
   rElec:     It insulates you from electricity.
   rN+:       It protects you from negative energy.
   Will+:     It increases your willpower.
   SInv:      It lets you see invisible.
 Y - the amulet "Wataipp" {Faith rPois}
   (You found it on level 3 of the Tomb of the Ancients)

   [amulet of faith]

   Faith:     It allows you to gain divine favour quickly.
   rPois:     It protects you from poison.
Talismans
 f - the dragon-blood talisman of Delightful Lucidity {Int+4}
   (You took it off Bai Suzhen on level 3 of the Spider Nest)

   [dragon-blood talisman]

   Int+4:     It affects your intelligence (+4).
 v - the death talisman of Voracious Surprise (active) {Dex+3}
   (You found it on level 5 of the Pits of Slime)

   [talisman of death]

   Dex+3:     It affects your dexterity (+3).
Wands
 i - a wand of digging (28)
 t - a wand of quicksilver (22)
 D - a wand of iceblast (60)
Scrolls
 b - a scroll of fog
 e - 11 scrolls of poison
 h - 9 scrolls of revelation
 j - 6 scrolls of immolation
 l - 3 scrolls of blinking
 o - 20 scrolls of teleportation
 r - 15 scrolls of enchant armour
 M - 8 scrolls of summoning
 N - a scroll of silence
 R - 10 scrolls of fear
Potions
 a - 15 potions of lignification
 d - 5 potions of berserk rage
 g - 22 potions of curing
 p - 8 potions of resistance
 q - 5 potions of mutation
 s - 12 potions of ambrosia
 z - 11 potions of attraction
 A - 4 potions of magic
 C - 4 potions of enlightenment
 F - 20 potions of heal wounds
 O - 5 potions of haste
 S - 8 potions of cancellation
 U - 10 potions of might
 V - 9 potions of brilliance
 Z - 7 potions of invisibility
Miscellaneous
 m - the horn of Geryon
 u - a phial of floods
 y - a lightning rod (4/4)
 G - a box of beasts
 I - a phantom mirror
 L - a figurine of a ziggurat


   Skills:
 O Level 27 Fighting
 O Level 27 Dodging
 O Level 27 Shields
 O Level 27 Unarmed Combat
 * Level 22.7 Spellcasting
 * Level 24.5 Translocations
 - Level 15.0 Evocations
 O Level 27 Shapeshifting


You had 57 spell levels left.
You knew the following spells:

 Your Spells              Type           Power      Damage    Failure   Level
e - Maxwell's Portable P  Tloc           100%       2d(15-43) 1%          3
q - Blink                 Tloc           100%       N/A       1%          2
w - Lesser Beckoning      Tloc           100%       N/A       1%          2
z - Manifold Assault      Tloc           58%        N/A       1%          7

Your spell library contained the following spells:

 Spells                   Type           Power      Damage    Failure   Level
 Apportation              Tloc           100%       N/A       1%          1
 Teleport Other           Tloc           100%       N/A       1%          3
 Volatile Blastmotes      Fire/Tloc      100%       2d18      1%          3
 Dimensional Bullseye     Hex/Tloc       44%        N/A       1%          4
 Iskenderun's Mystic Bla  Conj/Tloc      88%        2d17      (+2d91%     4
 Passage of Golubria      Tloc           100%       N/A       1%          4
 Summon Forest            Summ/Tloc      44%        N/A       1%          5
 Dispersal                Tloc           58%        N/A       1%          6
 Gell's Gavotte           Tloc           58%        2d(37-55) 1%          6
 Disjunction              Tloc           58%        N/A       1%          8
 Kiss of Death            Conj/Necr      100%       2d13      2%          1
 Magic Dart               Conj           100%       1d8       2%          1
 Necrotise                Necr           100%       1d9       2%          1
 Sandblast                Erth           76%        2d16      2%          1
 Shock                    Conj/Air       100%       1d9       2%          1
 Slow                     Hex            100%       N/A       2%          1
 Sting                    Conj/Alch      100%       1d9       2%          1
 Summon Small Mammal      Summ           100%       N/A       2%          1
 Call Imp                 Summ           76%        N/A       3%          2
 Cigotuvi's Dreadful Rot  Necr/Alch/Air  76%        N/A       3%          2
 Jinxbite                 Hex            76%        N/A       3%          2
 Mercury Vapours          Alch/Air       76%        N/A       3%          2
 Scorch                   Fire           76%        2d8       3%          2
 Static Discharge         Conj/Air       76%        3-7/arc   3%          2
 Call Canine Familiar     Summ           38%        N/A       6%          3
 Confusing Touch          Hex            38%        N/A       6%          3
 Dazzling Flash           Conj/Hex       76%        N/A       6%          3
 Frozen Ramparts          Ice            76%        1d12      6%          3
 Fugue of the Fallen      Necr           38%        N/A       6%          3
 Hailstorm                Conj/Ice       38%        3d9       6%          3
 Inner Flame              Hex/Fire       38%        N/A       6%          3
 Mephitic Cloud           Conj/Alch/Air  38%        N/A       6%          3
 Ozocubu's Armour         Ice            38%        N/A       6%          3
 Passwall                 Erth           38%        N/A       6%          3
 Sigil of Binding         Hex            38%        N/A       6%          3
 Stone Arrow              Conj/Erth      76%        3d11      6%          3
 Summon Ice Beast         Ice/Summ       38%        N/A       6%          3
 Swiftness                Air            38%        N/A       6%          3
 Tukima's Dance           Hex            38%        N/A       6%          3
 Vampiric Draining        Necr           38%        2d8       6%          3
 Malign Gateway           Summ/Tloc      44%        N/A       11%         7
 Airstrike                Air            19%        2d(3-19)  17%         4
 Anguish                  Hex/Necr       19%        N/A       17%         4
 Animate Dead             Necr           38%        N/A       17%         4
 Brom's Barrelling Bould  Conj/Erth      38%        2d6       17%         4
 Cause Fear               Hex            19%        N/A       17%         4
 Dispel Undead            Necr           38%        3d16      17%         4
 Flame Wave               Conj/Fire      38%        2d10      17%         4
 Fulminant Prism          Conj/Alch      19%        3d10      17%         4
 Ignite Poison            Fire/Alch      38%        N/A       17%         4
 Leda's Liquefaction      Alch/Erth      19%        N/A       17%         4
 Martyr's Knell           Necr/Summ      38%        N/A       17%         4
 Olgreb's Toxic Radiance  Alch           38%        N/A       17%         4
 Petrify                  Alch/Erth      38%        N/A       17%         4
 Sticky Flame             Fire/Alch      38%        2d8       17%         4
 Summon Blazeheart Golem  Fire/Summ      38%        N/A       17%         4
 Summon Lightning Spire   Summ/Air       38%        N/A       17%         4
 Alistair's Intoxication  Alch           25%        N/A       43%         5
 Arcjolt                  Conj/Air       19%        1d29      43%         5
 Borgnjor's Vile Clutch   Necr/Erth      19%        N/A       43%         5
 Curse of Agony           Necr           38%        N/A       43%         5
 Fireball                 Conj/Fire      19%        3d9       43%         5
 Freezing Cloud           Conj/Ice/Air   19%        6-21      43%         5
 Irradiate                Conj/Alch      19%        3d18      43%         5
 Lee's Rapid Deconstruct  Erth           19%        3d11*     43%         5
 Metabolic Englaciation   Hex/Ice        19%        N/A       43%         5
 Silence                  Hex/Air        19%        N/A       43%         5
 Summon Mana Viper        Hex/Summ       38%        N/A       43%         5
 Yara's Violent Unravell  Hex/Alch       19%        3d9       43%         5
 Conjure Ball Lightning   Conj/Air       19%        3x3d6     92%         6
 Death Channel            Necr           19%        N/A       92%         6
 Eringya's Noxious Bog    Alch           19%        4d6       92%         6
 Permafrost Eruption      Ice/Erth       19%        2x4d5     92%         6
 Sculpt Simulacrum        Ice/Alch       19%        N/A       92%         6
 Summon Cactus Giant      Summ           19%        N/A       92%         6
 Enfeeble                 Hex            19%        N/A       100%        7
 Haunt                    Necr/Summ      19%        N/A       100%        7
 Orb of Destruction       Conj           19%        9d8       100%        7
 Ozocubu's Refrigeration  Ice            19%        4d11      100%        7
 Spellforged Servitor     Conj/Summ      19%        N/A       100%        7
 Borgnjor's Revivificati  Necr           19%        N/A       100%        8
 Discord                  Hex            19%        N/A       100%        8
 Ignition                 Fire           19%        3d7       100%        8
 Infestation              Necr           19%        N/A       100%        8
 Lehudib's Crystal Spear  Conj/Erth      19%        10d6      100%        8
 Maxwell's Capacitive Co  Air            19%        ∞         100%        8
 Summon Horrible Things   Summ           19%        N/A       100%        8
 Dragon's Call            Summ           19%        N/A       100%        9
 Animate Armour           Summ/Erth      Unusable   N/A       N/A         4

Dungeon Overview and Level Annotations

Branches:
Dungeon (15/15)            Temple (1/1) D:4            Lair (5/5) D:10
 Shoals (4/4) Lair:2       Spider (4/4) Lair:3        Slime (5/5) Lair:5
    Orc (2/2) D:9             Elf (3/3) Orc:2        Vaults (5/5) D:13
  Crypt (3/3) Vaults:3       Tomb (3/3) Crypt:3      Depths (4/4) D:15
   Hell (visited)             Dis (7/7) Hell            Geh (7/7) Hell
    Coc (7/7) Hell            Tar (7/7) Hell            Zot (5/5) Depths:4
 WizLab (visited)         Gauntlet (visited)

Altars:
Ashenzari
Cheibriados
Dithmenos
Elyvilon
Fedhas
Gozag
Hepliaklqana
Kikubaaqudgha
Makhleb
Nemelex Xobeh
Okawaru
Qazlal
Ru
Sif Muna
Trog
Uskayaw
Vehumet
Wu Jian
Xom
Yredelemnul
Zin
The Shining One
Beogh
Jiyva

Shops:
D:6 [   D:7 (   D:15 **=?=?[   Orc:1 [   Orc:2 (*=   Elf:1 (   Shoals:1 *([
Shoals:2 *   Vaults:3 (   Depths:4 *

Portals:
Hell: Depths:1 Depths:2 Depths:3 Depths:4
Abyss: Depths:3
Pandemonium: Depths:1 Depths:2 Depths:3
Ziggurat: Depths:2

Annotations:
D:11 2 transporters, znke's ghost, journeyman DgHu


Innate Abilities, Weirdness & Mutations

You are an undying horror.
Your melee and unarmed attacks drain, slow and weaken victims.
You are immune to unholy pain and torment.
You cannot drink.
You are immune to poison.
You cannot wear most types of armour.
You are amphibious.
You can wear up to eight rings at the same time.
Your skin changes colour to match your surroundings (Stealth+).
Your rubbery body absorbs attacks. (AC +1, EV +1)
((You are camouflaged when in or above water. (Stealth+)))
You have tentacles for arms and can constrict up to eight enemies at once.
Your muscles are strong. (Str +4, Int/Dex -1)
Your spells are a little harder to cast, but a little more powerful.


Message History

This square is covered in magical glow.
The rock shatters into small pieces.
A blizzard demon comes into view.
There is a stone staircase leading up here.
You climb upwards.
There is a stone staircase leading down here.
You climb downwards.
There is a stone staircase leading up here.
Unknown command.
You climb upwards.
There is a stone staircase leading down here.
A hellion comes into view.
There is a stone staircase leading up here.
You climb upwards.
There is a stone staircase leading down here.
There is a stone staircase leading up here.
You climb upwards.
There is a stone staircase leading down here.
An Orb Guardian comes into view.
You barely miss the Orb Guardian.
Your tentacle-slap misses the Orb Guardian.
You completely miss the Orb Guardian. You tentacle-slap the Orb Guardian!
You squeeze the Orb Guardian!
The Orb Guardian is moderately wounded.
You miss the Orb Guardian. You tentacle-slap the Orb Guardian.
The Orb Guardian is moderately wounded.
You block the Orb Guardian's attack.
You thrash the Orb Guardian!!!
The Orb Guardian decays.
You tentacle-slap the Orb Guardian!
You kill the Orb Guardian!
The Council accepts your kill.
No target in view!
Unknown command.
There is an open door here.
You see here a +2 helmet of see invisible.
Things that are here:
a +0 club; a goblin skeleton
There is a staircase leading out of the dungeon here.
There is a staircase leading out of the dungeon here.
You have escaped!

.....######..#
#.........#
...)......#..#
#.....##..#
.....###.##..#
##..####..# .....#
#.##..# #..# #..#
####.# #.##..#
#..####..# #.#
#.....# #........#
#.#
####..####.#####..#
#.# #..##....# #..#
#.# #..##.z..# #..#
#(#
#........####..#
#.#
#..............#
#.#
#..##..........#
#.#
#..##....####..#
##.#### #..##....#
#..# # #.....#
#..##....# #..# #
#..##.# #..###.###
#..# ###.###.# #..#
#)# #..#


There were no monsters in sight!

Vanquished Creatures
  Cerebov (Pan)
  Asmodeus (Geh:7)
  Antaeus (Coc:7)
  the Royal Jelly (Slime:5)
  Ereshkigal (Tar:7)
  Mnoleg (Pan)
  Gloorx Vloq (Pan)
  the Serpent of Hell (Tar:7)
  Lom Lobon (Pan)
  Frederick (Vaults:2)
  3 pandemonium lords
  3 dread liches
  12 ancient liches
  Dispater (Dis:7)
  Mara (Depths:2)
  4 orbs of fire
  6 juggernauts
  Xtahua (Vaults:3)
  Boris (twice) (Depths:2 Tomb:1)
  Vv (Depths:2)
  33 shard shrikes
  39 royal mummies
  Bai Suzhen (Spider:3)
  Saint Roka (Orc:2)
  Margery (Crypt:2)
  4 curse toes
  10 Killer Klowns (Zot:5)
  14 caustic shrikes
  Geryon (Hell)
  11 golden dragons
  the Enchantress (Depths:2)
  Jory (Depths:3)
  Norris (Vaults:1)
  A pearl dragon (Pan)
  41 bone dragons
  19 doom hounds
  6 profane servitors
  2 electric golems (Zot:5)
  13 Tzitzimimeh
  Zenata (Vaults:4)
  13 Brimstone Fiends
  13 hellephants
  A shard shrike zombie (Crypt:3)
  14 Hell Sentinels
  2 spectral shard shrikes
  22 tainted leviathans
  17 tentacled monstrosities
  30 Ice Fiends
  A shard shrike skeleton (Abyss:3)
  27 titans
  7 iron giants
  9 quicksilver dragons
  15 liches
  9 sphinxes
  Asterion (Vaults:2)
  A deep elf master archer (Elf:3)
  15 searing wretches
  32 Orb Guardians
  4 krakens (Shoals:2)
  3 deep elf blademasters
  Murray (Hell)
  17 Executioners
  21 acid blobs
  24 tentacled starspawn
  Frances (Shoals:1)
  13 death cobs
  14 storm dragons
  41 ancient champions
  24 shadow dragons
  Roxanne (Elf:1)
  7 tengu reavers
  11 rockslimes
  5 revenants
  Donald (Orc:2)
  A daeva (Abyss:3)
  18 azure jellies
  5 nagarajas
  A fenstrider witch (Pan)
  2 demonspawn warmongers (Pan)
  7 draconian monks
  6 draconian shifters
  9 frost giants
  8 protean progenitors
  15 quicksilver elementals
  14 fire giants
  8 deep elf sorcerers
  19 narguns
  7 deep elf elementalists
  14 iron dragons
  Louise (Elf:1)
  A juggernaut zombie (Crypt:3)
  2 spectral juggernauts (Tar:7)
  10 emperor scorpions
  6 draconian scorchers
  12 ghost moths
  16 vault wardens
  6 shard shrike simulacra
  8 draconian knights
  25 reapers
  A caustic shrike zombie (Abyss:3)
  42 balrugs
  5 curse skulls
  2 angels
  4 orc warlords
  7 spectral caustic shrikes
  5 spriggan defenders
  15 cacodemons
  3 caustic shrike skeletons (Pan)
  2 broodmothers (Spider:3)
  6 draconian stormcallers
  28 ironbound preservers
  13 ghouls
  10 formless jellyfish
  9 quicksilver oozes
  7 draconian annihilators
  5 demonspawn corrupters
  51 very ugly things
  4 ophanim
  3 ironbound thunderhulks
  A starflower (Abyss:4)
  2 juggernaut skeletons (Pan)
  7 vampire knights
  5 demonspawn blood saints (Pan)
  9 green draconians
  29 elemental wellsprings
  6 deep elf demonologists
  18 stone giants
  4 demonspawn black suns (Pan)
  6 apis (Pan)
  7 deep elf annihilators
  11 putrid mouths
  14 bennus
  6 deep elf death magi
  Azrael (D:15)
  14 yellow draconians
  A spectral titan (Tar:2)
  21 wendigos
  8 red draconians
  22 white draconians
  4 spark wasps
  3 lorocyprocas (Pan)
  12 purple draconians
  11 black draconians
  10 dire elephants
  2 minotaurs
  30 mummy priests
  47 war gargoyles
  10 blizzard demons
  37 eidola
  26 iron golems
  10 jiangshi
  Josephine (D:14)
  9 green deaths
  14 ettins
  11 merfolk javelineers
  7 merfolk impalers
  6 rakshasas
  8 fire dragons
  2 spectral quicksilver dragons
  8 deep elf high priests
  A spectral iron giant (Tar:6)
  2 crystal guardians (Depths:2)
  5 entropy weavers
  5 ice dragons
  4 spriggan zombies
  A quicksilver dragon zombie (Tomb:3)
  12 yaktaur captains
  38 vault guards
  15 great orbs of eyes
  2 hydras
  18 salamander tyrants
  5 hell beasts
  6 spectral spriggans
  Erolcha (Orc:2)
  4 jorogumos
  4 juggernaut simulacra
  10 caustic shrike simulacra
  5 two-headed ogres
  2 alligators (Zot:3)
  A spriggan skeleton (Tomb:3)
  2 merfolk avatars
  8 centaur warriors
  12 ironbound frosthearts
  2 radroaches (Spider:2)
  11 merfolk aquamancers
  5 spriggan air magi
  6 stokers
  5 death knights
  2 alligator snapping turtles
  6 ogre magi
  26 dancing weapons
  A sphinx skeleton (Depths:1)
  2 spectral stone giants
  14 boulder beetles
  3 anacondas
  7 deep troll shamans
  34 hell hogs
  A two-headed ogre (shapeshifter) (Depths:2)
  7 deep troll earth magi
  3 satyrs
  3 spriggan berserkers (Depths:4)
  10 tengu warriors
  36 death scarabs
  6 occultists
  8 vampire magi
  26 thrashing horrors
  2 spectral dire elephants
  A titan zombie (Depths:1)
  5 orc high priests
  A shock serpent (shapeshifter) (WizLab)
  27 hell knights
  A naga warrior (Abyss:3)
  9 demonic crawlers
  Amaemon (Lair:1)
  13 deep elf knights
  19 crystal echidnas
  13 soul eaters
  5 iron trolls
  3 hellephant skeletons (Pan)
  4 spatial maelstroms (Abyss:3)
  25 wretched stars (Abyss:3)
  17 shadow wraiths
  23 sixfirhies
  39 skeletal warriors
  A fire crab (shapeshifter) (D:13)
  2 cherubim (Abyss:3)
  An anaconda zombie (Tomb:2)
  A death drake (Abyss:3)
  45 sun demons
  10 deep elf archers
  An elf simulacrum (Hell)
  7 pharaoh ants
  8 skysharks
  3 bunyip zombies
  4 arcanists
  A mana viper (Abyss:3)
  A golden dragon zombie (Tomb:2)
  9 spectral anacondas (Tar:3)
  2 quicksilver dragon simulacra
  13 sea snakes
  A sea snake (shapeshifter) (Vaults:5)
  87 deep trolls
  4 flayed ghosts
  12 shadow demons
  13 ironbound convokers
  A spriggan druid (WizLab)
  13 orb spiders
  2 swamp dragons
  An orb spider (shapeshifter) (Vaults:5)
  6 spriggan simulacra
  8 glowing orange brains
  A bog body (Crypt:1)
  30 phantasmal warriors
  A naga ritualist (Depths:4)
  3 steelbarb worms
  5 obsidian bats
  4 thermic dynamos
  2 obsidian statues (Zot:5)
  3 spectral iron dragons
  21 deep elf zephyrmancers
  6 sun moths (Pan)
  18 lindwurms
  17 necromancers
  62 large abominations
  10 orc knights
  A tengu skeleton (Depths:1)
  26 ugly things
  31 deep elf pyromancers
  2 lightning spires (Gauntlet)
  A frost giant zombie (Depths:1)
  20 wolf spiders
  21 cyclopes
  6 shining eyes
  20 fauns
  25 moths of wrath
  20 harpies
  A jorogumo skeleton (Crypt:2)
  9 orc sorcerers
  11 worldbinders
  10 manticores
  2 spectral ettins
  A stone giant zombie (Hell)
  8 elephants
  13 rust devils
  A meliai (shapeshifter) (Vaults:5)
  9 meliai
  A moth of wrath (shapeshifter) (WizLab)
  3 eyes of devastation
  A centaur zombie (Crypt:1)
  4 titan simulacra
  4 apocalypse crabs (Abyss:3)
  3 ice statues
  4 torpor snails
  A dire elephant zombie (Crypt:3)
  11 kobold blastminers
  2 naga magi
  4 naga zombies
  29 smoke demons
  9 black mambas
  11 merfolk sirens
  5 gargoyles
  25 orange demons
  6 water nymphs
  A stone giant skeleton (Tomb:3)
  11 molten gargoyles
  2 guardian serpents
  26 hellions
  2 centaur skeletons
  10 vault sentinels
  3 naga skeletons
  21 cane toads
  2 kobold demonologists (D:12)
  A catoblepas zombie (Tomb:1)
  A minotaur zombie (Crypt:3)
  A spectral naga (Tar:2)
  2 unseen horrors
  A yaktaur (shapeshifter) (Abyss:3)
  2 bunyip simulacra
  7 efreet
  29 yaktaurs
  62 guardian mummies
  12 komodo dragons
  Psyche (D:8)
  2 ice devils
  7 rime drakes
  5 tengu conjurers
  15 freezing wraiths
  4 iron giant simulacra
  5 anaconda simulacra
  24 tormentors
  A hydra zombie (Crypt:3)
  4 red devils
  2 silent spectres
  2 human skeletons (Vaults:3)
  38 merfolk
  5 spectral harpies
  2 tyrant leeches (Pan)
  19 ancient zymes
  13 hornets
  An alligator simulacrum (Hell)
  3 harpy zombies (Crypt:3)
  13 hellwings
  A harpy skeleton (Tomb:2)
  An iron dragon simulacrum (Coc:6)
  7 dream sheep (Lair:5)
  8 trolls
  8 wind drakes
  26 jumping spiders
  A guardian serpent zombie (Crypt:2)
  2 ettin zombies (Abyss:3)
  21 tarantellas
  21 blink frogs
  4 glass eyes
  37 raiju
  11 snapping turtles
  A dream sheep (shapeshifter) (Vaults:5)
  A black mamba zombie (Crypt:3)
  6 air elementals
  4 stone giant simulacra
  4 centaur simulacra
  86 slime creatures
  18 water elementals
  An ettin skeleton (Tomb:2)
  5 spriggans
  A naga simulacrum (Abyss:4)
  14 wyverns
  A vampire (D:14)
  24 culicivoras
  6 shadows
  18 ynoxinuls
  3 dire elephant simulacra
  24 yaks
  21 neqoxecs
  2 black mamba skeletons
  21 wraiths
  An alligator snapping turtle simulacrum (Hell)
  11 ushabtiu
  9 wargs
  4 fire elementals
  A hog (shapeshifter) (D:15)
  14 fire bats
  129 starcursed masses
  2 basilisks
  2 golden eyes
  3 vampire mosquitoes (D:13)
  2 steam dragons (D:7)
  A yaktaur simulacrum (Vaults:3)
  42 redbacks
  16 harpy simulacra
  18 chaos spawn
  A swamp worm (shapeshifter) (Depths:2)
  A demonspawn zombie (Crypt:1)
  A naga (Abyss:3)
  9 acid dragons
  3 swamp worms (Gauntlet)
  2 hydra simulacra
  34 water moccasins
  12 hell hounds
  3 swamp drakes (Lair:5)
  59 orc warriors
  2 ice beasts
  A two-headed ogre skeleton (Crypt:1)
  A black mamba simulacrum (Coc:1)
  50 laughing skulls
  4 black bears
  An elephant zombie (Crypt:2)
  6 ettin simulacra
  2 sky beasts
  20 ogres
  6 centaurs
  5 wolves
  5 boggarts
  5 earth elementals
  11 weeping skulls (Abyss:3)
  A gnoll sergeant (D:10)
  10 kobold brigands
  8 brain worms
  3 elf zombies (Elf:1)
  11 bullfrogs
  37 small abominations
  5 scorpions
  A komodo dragon skeleton (Crypt:2)
  5 wyvern skeletons (Crypt:3)
  A warg skeleton (Crypt:1)
  26 wights
  A yak zombie (Crypt:2)
  5 killer bees (D:10)
  3 howler monkeys
  A yak skeleton (Crypt:1)
  5 electric eels
  A lava snake (Orc:1)
  3 bombardier beetles (D:5)
  5 quasits (Abyss:3)
  4 jellies
  29 orc priests
  2 gnoll boudas
  3 hounds
  4 iron imps (Abyss:3)
  9 hell rats (Hell)
  6 iguanas (Lair:5)
  23 orc wizards
  2 sleepcaps
  52 mummies
  14 gnolls
  9 adders
  2 shadow imps
  A ribbon worm zombie (Crypt:2)
  7 white imps (Abyss:3)
  7 ufetubi (Abyss:3)
  4 dart slugs
  4 ribbon worms
  137 orcs
  6 ball pythons
  5 bats
  A bat skeleton (Crypt:1)
  9 endoplasms
  5 giant cockroaches
  11 goblins
  6 hobgoblins
  5 jackals (D:3)
  A quokka (D:1)
  A frilled lizard (D:3)
  A hobgoblin skeleton (Crypt:2)
  A jackal skeleton (Crypt:2)
  24 kobolds
  A kobold zombie (Crypt:1)
  9 rats
  2 aspiring fleshes (Pan)
  A butterfly (Lair:1)
  A creeping inferno (Geh:6)
  16 fire vortices
  2 lurking horrors
  2 spectral weapons (Coc:7)
  38 starspawn tentacles
  22 tentacles (Shoals:2)
4852 creatures vanquished.

Vanquished Creatures (collateral kills)
  Rupert (D:12)
  Jorgrun (D:15)
  A merfolk javelineer (Shoals:4)
  A fire dragon (Lair:5)
  A merfolk impaler (Shoals:4)
  A catoblepas (D:15)
  A dancing weapon (Elf:2)
  A merfolk aquamancer (Shoals:4)
  A tengu warrior (D:15)
  A demonic crawler (Spider:3)
  A meliai (Spider:3)
  A manticore (Shoals:4)
  A merfolk siren (Shoals:4)
  An elephant (Lair:5)
  A black mamba (Lair:4)
  A torpor snail (Spider:3)
  A cane toad (Lair:5)
  A blink frog (Lair:5)
  A slime creature (D:12)
  A tengu (shapeshifter) (D:12)
20 creatures vanquished.

Vanquished Creatures (others)
  A shard shrike (Coc:6)
  An eldritch tentacle (Pan)
  A deep elf sorcerer (Elf:3)
  2 shard shrike simulacra
  A balrug (Geh:7)
  A merfolk impaler (Shoals:4)
  2 salamander tyrants (Geh:7)
  2 juggernaut simulacra
  2 caustic shrike simulacra
  A soul eater (Pan)
  A quicksilver dragon simulacrum (Coc:1)
  6 spriggan simulacra
  A cyclops (Orc:1)
  A merfolk siren (Shoals:4)
  A molten gargoyle (Geh:7)
  2 titan simulacra (Coc:4)
  An anaconda simulacrum (Coc:6)
  A bunyip simulacrum (Coc:1)
  A merfolk (Shoals:2)
  A tarantella (Spider:4)
  An iron dragon simulacrum (Coc:2)
  2 dire elephant simulacra
  A centaur simulacrum (Coc:2)
  A chaos spawn (Pan)
  A hydra simulacrum (Coc:4)
  8 harpy simulacra
  An orc warrior (Elf:1)
  An ettin simulacrum (Coc:2)
  A laughing skull (Abyss:3)
  A hell rat (Hell)
  A white imp (Abyss:3)
  An orc (Elf:1)
  A kobold (D:10)
  8 creeping infernos
  A fire vortex (Geh:4)
  2 lurking horrors (Abyss:3)
  26 starspawn tentacles
  42 tentacles (Shoals:2)
130 creatures vanquished.

Grand Total: 5002 creatures vanquished

Notes
Turn   | Place    | Note
-------+----------+-------------------------------------------
     0 | D:1      | Lovepenguin the Octopode Shapeshifter began the quest for
                  | the Orb.
     0 | D:1      | Reached XP level 1. HP: 13/13 MP: 1/1
    71 | D:1      | Reached XP level 2. HP: 18/18 MP: 2/2
   545 | D:1      | Reached XP level 3. HP: 20/24 MP: 3/3
   704 | D:2      | Found a radiant altar of Vehumet.
  1468 | D:3      | Reached XP level 4. HP: 27/29 MP: 4/4
  1847 | D:3      | Reached XP level 5. HP: 20/35 MP: 5/5
  2299 | D:4      | Found a staircase to the Ecumenical Temple.
  2343 | Temple   | Entered the Ecumenical Temple
  2410 | Temple   | Became a worshipper of Gozag Ym Sagoz the Greedy
  2475 | D:4      | Noticed a black bear
  2599 | D:4      | Reached skill level 5 in Shapeshifting
  2847 | D:4      | Reached XP level 6. HP: 29/42 MP: 6/6
  3043 | D:4      | Found a blossoming altar of Fedhas.
  3059 | D:4      | Noticed an ice beast
  3716 | D:5      | Entered Level 5 of the Dungeon
  3893 | D:5      | Noticed an ice beast
  3939 | D:5      | Found a shimmering blue altar of Sif Muna.
  3953 | D:5      | Reached XP level 7. HP: 46/46 MP: 7/7
  4644 | D:5      | Noticed a shadow
  5629 | D:6      | Reached XP level 8. HP: 53/54 MP: 8/8
  5932 | D:6      | Found Dyar's Antique Armour Emporium.
  6365 | D:7      | Found Ockirougi's Weapon Emporium.
  6469 | D:7      | Found a sparkling altar of Nemelex Xobeh.
  6885 | D:7      | Found a burning altar of Makhleb.
  6886 | D:7      | Found a shadowy altar of Dithmenos.
  6984 | D:8      | Noticed Psyche
  7208 | D:8      | Killed Psyche
  7209 | D:8      | Reached skill level 5 in Fighting
  7209 | D:8      | Reached skill level 5 in Unarmed Combat
  7209 | D:8      | Reached XP level 9. HP: 61/61 MP: 9/9
  8126 | D:9      | Identified the ring of Tax Lell {*Corrode ^Drain Fly rF+
                  | Dex+8}
  8188 | D:9      | Reached skill level 10 in Shapeshifting
  8211 | D:9      | Found a radiant altar of Vehumet.
  8235 | D:9      | Reached XP level 10. HP: 61/69 MP: 10/10
  8413 | D:9      | Found a staircase to the Orcish Mines.
  8557 | D:9      | Found a hide-covered altar of Uskayaw.
  8777 | D:9      | Found a bloodstained altar of Trog.
  9024 | D:10     | Entered Level 10 of the Dungeon
  9159 | D:10     | Found a staircase to the Lair.
  9837 | D:10     | Found a white marble altar of Elyvilon.
 10177 | D:10     | Noticed a two-headed ogre
 10177 | D:10     | Noticed a deep elf pyromancer
 10260 | Orc:1    | Entered Level 1 of the Orcish Mines
 10260 | Orc:1    | Noticed a cyclops
 10309 | Lair:1   | Entered Level 1 of the Lair of Beasts
 10338 | Lair:1   | Reached XP level 11. HP: 69/75 MP: 11/11
 10348 | Lair:1   | Noticed Amaemon
 10641 | D:11     | Noticed a cyclops
 10733 | Orc:1    | Noticed an orc knight
 11709 | Lair:1   | Reached skill level 1 in Evocations
 12485 | Lair:2   | Reached XP level 12. HP: 81/81 MP: 12/12
 12691 | Lair:2   | Reached skill level 5 in Evocations
 12705 | Lair:2   | HP: 4/98 [elephant (9)]
 13152 | Lair:3   | Found a hole to the Spider Nest.
 13272 | Lair:3   | Found a gate leading to a gauntlet.
 13281 | Gauntlet | Entered a Gauntlet
 13281 | Gauntlet | Found a transporter.
 13281 | Gauntlet | Found a transporter.
 13284 | Gauntlet | Found a transporter.
 13304 | Gauntlet | Found a transporter.
 13314 | Gauntlet | Found a transporter.
 13315 | Gauntlet | Found a transporter.
 13325 | Gauntlet | Found a transporter.
 13343 | Gauntlet | Noticed a catoblepas
 13344 | Gauntlet | Found a transporter.
 13361 | Gauntlet | Found a transporter.
 13361 | Gauntlet | Found a transporter.
 13363 | Gauntlet | Found a runed translucent gate.
 13363 | Gauntlet | Found a runed translucent gate.
 13363 | Gauntlet | Found a runed translucent gate.
 13369 | Gauntlet | Found a transporter.
 13372 | Gauntlet | Found a transporter.
 13692 | Gauntlet | Reached skill level 5 in Dodging
 13731 | Gauntlet | Identified the ring "Lelal" {rElec rN+ Will+ Str-2}
 13960 | Gauntlet | Got the Book of the Ouroboros
 13964 | Gauntlet | Identified the ring of Pavuatof {rF+ rC+ Will+}
 13986 | Gauntlet | Identified the +5 broad axe "Qilise" {heavy, rCorr Dex+3}
 13986 | Gauntlet | Identified the +2 scale mail of Qetripsa {rC+ Str+3 Int+3
                  | Dex-3}
 13986 | Gauntlet | Noticed a minotaur
 14013 | Gauntlet | Killed a minotaur
 14206 | Lair:3   | Identified the +6 rapier of Outrage {speed, rCorr Int+3}
 14640 | Lair:4   | Noticed a boulder beetle
 14703 | Lair:4   | Reached skill level 10 in Unarmed Combat
 14706 | Lair:4   | Reached skill level 10 in Fighting
 14909 | Lair:4   | Noticed a five-headed hydra
 14927 | Lair:5   | Entered Level 5 of the Lair of Beasts
 14936 | Lair:5   | Reached XP level 13. HP: 83/92 MP: 13/13
 15672 | Lair:5   | Reached skill level 15 in Shapeshifting
 17067 | Lair:5   | Noticed a fire dragon
 17418 | Lair:5   | Killed a fire dragon
 17419 | Lair:5   | Reached XP level 14. HP: 102/102 MP: 14/14
 17508 | Lair:5   | Found a viscous altar of Jiyva.
 17508 | Lair:5   | Found a staircase to the Slime Pits.
 17927 | Lair:4   | Identified the +1 robe "Apruco" {Str+2 Archmagi}
 18696 | Lair:4   | You fall into a shaft and drop 1 floor!
 18807 | Lair:2   | Found a staircase to the Shoals.
 19140 | Lair:1   | Killed Amaemon
 20817 | Orc:1    | Noticed a fire giant
 21089 | Orc:1    | Noticed an orc warlord
 21906 | D:11     | Found a transporter.
 21916 | D:11     | Noticed znke's ghost (journeyman DgHu)
 21984 | D:11     | Found a transporter.
 22586 | D:12     | Noticed Rupert
 22877 | D:12     | Killed Rupert
 22878 | D:12     | Reached XP level 15. HP: 97/111 MP: 15/15
 23314 | D:12     | Found the +5 scythe "Finisher" {speed, execute}
 26036 | D:13     | Found a gate to the Vaults.
 26547 | D:14     | Noticed Josephine
 26567 | D:14     | Killed Josephine
 26750 | D:14     | Found an ancient bone altar of Kikubaaqudgha.
 27851 | D:15     | Entered Level 15 of the Dungeon
 27928 | D:15     | Reached skill level 15 in Fighting
 28109 | D:15     | Found a staircase to the Depths.
 28109 | D:15     | Noticed a fire giant
 28256 | D:15     | Noticed Jorgrun
 28285 | D:15     | Killed Jorgrun
 28446 | D:15     | Found a broken altar of Ashenzari.
 28446 | D:15     | Noticed Azrael
 28494 | D:15     | Killed Azrael
 28495 | D:15     | Reached XP level 16. HP: 122/122 MP: 16/16
 29119 | Orc:1    | Found Zosiacho's Antique Armour Boutique.
 29183 | Orc:2    | Entered Level 2 of the Orcish Mines
 29186 | Orc:2    | Noticed Donald
 29713 | Orc:2    | Killed Donald
 29931 | Orc:2    | Noticed Saint Roka
 30331 | Orc:2    | Found a staircase to the Elven Halls.
 30409 | Orc:2    | Noticed Erolcha
 30417 | Orc:2    | Killed Erolcha
 30466 | Orc:2    | Identified the +8 dagger of Nennye {speed, rC+}
 30836 | Orc:2    | Found a roughly hewn altar of Beogh.
 31063 | Orc:2    | Found Sinoch's Jewellery Shop.
 31190 | Orc:2    | Found Semiof's Magic Scroll Boutique.
 31375 | Orc:2    | Found Rucakhli's General Store.
 31398 | Orc:2    | Found Miet's Weapon Emporium.
 31484 | Orc:2    | Found a roughly hewn altar of Beogh.
 31783 | Orc:2    | Bought the ring of Meulihye {rElec rN+ MP+9 Str+6 SInv} for
                  | 1082 gold pieces
 31783 | Orc:2    | Bought the ring "Kapihawe" {rPois rN+ rCorr AC+4 Dex-2} for
                  | 739 gold pieces
 31783 | Orc:2    | Bought a granite talisman for 840 gold pieces
 31898 | Orc:2    | Bought a scroll of blinking for 105 gold pieces
 31898 | Orc:2    | Bought a scroll of summoning for 133 gold pieces
 31898 | Orc:2    | Bought a scroll of revelation for 105 gold pieces
 31898 | Orc:2    | Bought a scroll of revelation for 105 gold pieces
 31898 | Orc:2    | Bought a scroll of fear for 56 gold pieces
 31898 | Orc:2    | Bought a scroll of identify for 28 gold pieces
 31898 | Orc:2    | Bought a scroll of vulnerability for 56 gold pieces
 31898 | Orc:2    | Bought a scroll of teleportation for 42 gold pieces
 31898 | Orc:2    | Bought a scroll of teleportation for 42 gold pieces
 31941 | Orc:2    | Killed Saint Roka
 32051 | Orc:2    | Bought a potion of lignification for 33 gold pieces
 32227 | Orc:1    | Reached skill level 1 in Shields
 32688 | Orc:1    | Identified the +2 great sword "Pacut" {flame, +Blink rN+
                  | Dex-5 Stlth+}
 33406 | D:15     | Found Misewn's Superior Scales.
 33850 | Spider:1 | Entered Level 1 of the Spider Nest
 33864 | Lair:3   | Reached XP level 17. HP: 109/127 MP: 17/17
 34431 | Spider:2 | Reached skill level 10 in Evocations
 34741 | Spider:2 | Identified the +8 arbalest of the Eleven Visions {elec,
                  | MP+9}
 34784 | Spider:2 | Reached skill level 10 in Dodging
 35196 | Spider:2 | Reached skill level 5 in Shields
 35660 | Spider:3 | Identified the dragon-blood talisman of Delightful Lucidity
                  | {Int+4}
 35660 | Spider:3 | Noticed Bai Suzhen
 36136 | Spider:3 | Killed Bai Suzhen
 36750 | Spider:4 | Entered Level 4 of the Spider Nest
 36815 | Spider:4 | Reached XP level 18. HP: 119/134 MP: 18/18
 37627 | Spider:4 | Got a gossamer rune of Zot
 37923 | Shoals:1 | Entered Level 1 of the Shoals
 37924 | Shoals:1 | Noticed Frances
 37933 | Shoals:1 | Killed Frances
 38359 | Shoals:1 | Found Ulonall's Visitors' Centre.
 38362 | Shoals:1 | Found Ulonall's Merfolk Armours.
 38434 | Shoals:1 | Bought a scroll of teleportation for 300 gold pieces
 38434 | Shoals:1 | Bought a potion of enlightenment for 500 gold pieces
 38834 | Shoals:2 | Found Nadghaj's General Store.
 38856 | Shoals:2 | Bought a potion of curing for 42 gold pieces
 38856 | Shoals:2 | Bought a scroll of identify for 28 gold pieces
 38856 | Shoals:2 | Bought a potion of brilliance for 56 gold pieces
 39796 | Shoals:2 | Reached XP level 19. HP: 139/139 MP: 19/19
 40218 | Shoals:2 | Identified the +10 orcbow "Xuaw" {drain, SInv}
 41279 | Shoals:3 | Found a hide-covered altar of Uskayaw.
 41447 | Shoals:4 | Entered Level 4 of the Shoals
 41578 | Shoals:4 | Identified the +1 pair of gloves of Gisoal {^Drain rC+++
                  | Int+4 Dex-5}
 41734 | Shoals:4 | Reached skill level 10 in Shields
 41890 | Shoals:4 | Got a barnacled rune of Zot
 42259 | Shoals:4 | Identified the +6 chain mail of Insecurity {+Blink}
 42723 | Vaults:1 | Entered Level 1 of the Vaults
 42824 | Vaults:1 | Reached skill level 15 in Unarmed Combat
 43062 | Vaults:1 | Noticed Norris
 43097 | Vaults:1 | Killed Norris
 43098 | Vaults:1 | Reached XP level 20. HP: 145/145 MP: 7/20
 44613 | Vaults:2 | Found Jialun's Distillery.
 44622 | Vaults:2 | Bought a potion of brilliance for 60 gold pieces
 44622 | Vaults:2 | Bought a potion of mutation for 120 gold pieces
 44622 | Vaults:2 | Bought a potion of cancellation for 120 gold pieces
 44622 | Vaults:2 | Bought a potion of magic for 120 gold pieces
 44622 | Vaults:2 | Bought a potion of mutation for 120 gold pieces
 44622 | Vaults:2 | Bought a potion of might for 60 gold pieces
 44822 | Vaults:2 | Noticed Asterion
 44954 | Vaults:2 | Identified the orb "Haov" {*channel, Will+ Str+2}
 44954 | Vaults:2 | Noticed Frederick
 45284 | Vaults:2 | Identified a scroll of acquirement
 45291 | Vaults:2 | Acquired the ring of Moodiness {Will+ Int+3 Dex+6}
 45614 | Vaults:2 | Killed Frederick
 46314 | Vaults:2 | Killed Asterion
 46423 | Vaults:3 | Reached XP level 21. HP: 151/151 MP: 21/21
 46482 | Vaults:3 | Acquired the ring of Eternal Night {rF+ rN++ Str-2 Slay+4}
 46648 | Vaults:3 | Found a staircase to the Crypt.
 46871 | Vaults:3 | Noticed Xtahua
 46891 | Vaults:3 | Killed Xtahua
 47045 | Vaults:3 | Identified the +9 long sword of the Wizarding Gods {flame,
                  | rF+ Int+2}
 47346 | Vaults:3 | Found Rifon's Weapon Shoppe.
 47876 | Vaults:4 | Noticed Zenata
 47882 | Vaults:4 | Killed Zenata
 49084 | D:15     | Bought a potion of heal wounds for 125 gold pieces
 49084 | D:15     | Bought a wand of iceblast (7) for 420 gold pieces
 49085 | D:15     | Bought a scroll labelled ITIHOG GAFE for 41 gold pieces
 49085 | D:15     | Bought a potion of haste for 410 gold pieces
 49085 | D:15     | Bought a potion of curing for 123 gold pieces
 49085 | D:15     | Bought a scroll of fear for 164 gold pieces
 49085 | D:15     | Bought a scroll of immolation for 164 gold pieces
 49085 | D:15     | Bought a scroll of enchant armour for 307 gold pieces
 49087 | D:15     | Bought a scroll of enchant armour for 120 gold pieces
 49087 | D:15     | Bought a scroll of revelation for 120 gold pieces
 49087 | D:15     | Bought a scroll of fear for 64 gold pieces
 49087 | D:15     | Bought a scroll of revelation for 120 gold pieces
 49087 | D:15     | Bought a scroll of revelation for 120 gold pieces
 49092 | D:15     | Bought a scroll of amnesia for 52 gold pieces
 49092 | D:15     | Bought a scroll of summoning for 123 gold pieces
 49092 | D:15     | Bought a scroll of blinking for 97 gold pieces
 49179 | D:15     | Bought the ring "Nehalen" {Str+6 Int+3} for 640 gold pieces
 49179 | D:15     | Bought the ring of Amorality {Str+6 Int+4 Dex+3} for 750
                  | gold pieces
 49182 | D:15     | Bought the ring "Ekamyess" {rF+ rN+ AC+4 Str+2 Int+2} for
                  | 939 gold pieces
 49182 | D:15     | Bought the ring of Gedoivvo {Wiz +Blink rN+ Stlth-} for 702
                  | gold pieces
 49487 | Temple   | Fell from the grace of Gozag
 49487 | Temple   | Became a worshipper of the Wu Jian Council
 49736 | Elf:1    | Entered Level 1 of the Elven Halls
 49742 | Elf:1    | Reached XP level 22. HP: 128/128 MP: 22/22
 49812 | Elf:1    | Noticed Roxanne
 49818 | Elf:1    | Killed Roxanne
 50011 | Elf:1    | Paralysed by an air elemental for 1 turns
 50020 | Elf:1    | Noticed Louise
 50027 | Elf:1    | Killed Louise
 50087 | Elf:1    | Reached * piety under Wu Jian
 50241 | Elf:1    | Found Yzukusk's Weapon Emporium.
 50523 | Elf:2    | Found a magical portal.
 50592 | Elf:2    | Found a runed translucent gate.
 50593 | Elf:2    | Found a runed translucent gate.
 50593 | Elf:2    | Found a runed translucent gate.
 50618 | WizLab   | Entered Alistair's Party Mansion
 50655 | WizLab   | Reached ** piety under Wu Jian
 50976 | WizLab   | Got Juesen's Spellbook of Reagents
 51552 | Elf:2    | Reached *** piety under Wu Jian
 51926 | Elf:3    | Entered Level 3 of the Elven Halls
 52020 | Elf:3    | Acquired 905 gold pieces
 52072 | Elf:3    | Reached **** piety under Wu Jian
 52209 | Elf:3    | Reached XP level 23. HP: 155/166 MP: 23/23
 52210 | Elf:3    | Identified the +6 scimitar "Hell-Harrower" {freeze, ^Contam
                  | rElec Will+}
 52227 | Elf:3    | Found the +3 hat of Pondering {ponderous, Will+ MP+10
                  | Int+5}
 52320 | Elf:3    | Got the Papyrus of Breccia
 52329 | Elf:3    | Identified the +6 scimitar "Tawnate" {freeze, ^Contam Int+7
                  | SInv}
 52332 | Elf:3    | Got Lappitep's Annotations on Unlucky Geometry
 52336 | Elf:3    | Identified the +1 morningstar "Yhaqoagiom" {drain, Int+4}
 52354 | Elf:3    | Identified the +1 war axe "Uweog" {antimagic, rF++ Str+4
                  | Stlth-}
 52574 | Elf:3    | Found Wiheh's Distillery.
 52960 | Elf:3    | Bought 2 potions of might for 152 gold pieces
 52960 | Elf:3    | Bought a potion of might for 76 gold pieces
 52960 | Elf:3    | Bought a potion of curing for 57 gold pieces
 52960 | Elf:3    | Bought a potion of lignification for 57 gold pieces
 52960 | Elf:3    | Bought a potion of haste for 190 gold pieces
 52960 | Elf:3    | Bought a potion of mutation for 152 gold pieces
 52960 | Elf:3    | Bought a potion of lignification for 57 gold pieces
 52960 | Elf:3    | Bought a potion of heal wounds for 95 gold pieces
 52960 | Elf:3    | Bought a potion of heal wounds for 95 gold pieces
 53277 | Crypt:1  | Entered Level 1 of the Crypt
 53320 | Crypt:1  | Reached skill level 15 in Evocations
 53333 | Crypt:1  | Reached ***** piety under Wu Jian
 54002 | Crypt:2  | Noticed Margery
 54007 | Crypt:2  | Killed Margery
 54558 | Crypt:3  | Entered Level 3 of the Crypt
 54756 | Crypt:3  | Was forgiven by Gozag
 55087 | Crypt:3  | Identified the +10 morningstar of Uncertain Death {freeze,
                  | Dex+8}
 55087 | Crypt:3  | Identified the ring of Tender Moments {Fire rN++ Str+3
                  | SInv}
 55105 | Crypt:3  | Identified the ring "Sucadane" {Wiz rN++ Dex+3}
 55108 | Crypt:3  | Identified the staff of Tomorrow {rN+ Will++ Stlth+ Necro}
 55211 | Crypt:3  | Reached ****** piety under Wu Jian
 55258 | Crypt:3  | Reached XP level 24. HP: 175/175 MP: 23/23
 55273 | Crypt:3  | Found a basalt altar of Yredelemnul.
 55513 | Crypt:3  | Found a staircase to the Tomb.
 56447 | Vaults:5 | Entered Level 5 of the Vaults
 56472 | Vaults:5 | Noticed a dread lich
 56480 | Vaults:5 | Identified the ring "Ofuekuos" {Fire Will- Int+4}
 56481 | Vaults:5 | Killed a dread lich
 56500 | Vaults:5 | Reached XP level 25. HP: 111/184 MP: 23/23
 56503 | Vaults:5 | Reached skill level 15 in Dodging
 56510 | Vaults:5 | Reached skill level 15 in Shields
 56687 | Vaults:5 | Found the +4 consecrated labrys {holy, Valiant ^Fragile Fly
                  | SInv}
 56689 | Vaults:5 | Identified the ring of the Heavens {Wiz rElec rF- Will++
                  | Slay+3}
 56982 | Vaults:5 | Identified the staff "Nemeth" {Dex+6 Air Earth}
 57184 | Vaults:5 | Got a silver rune of Zot
 57328 | Vaults:5 | Identified the ring "Bukitz" {rPois Int+3 Dex+2}
 57665 | Depths:1 | Entered Level 1 of the Depths
 58004 | Depths:1 | You fall into a shaft and drop 1 floor!
 58004 | Depths:2 | Found a gateway to Hell.
 58129 | Depths:2 | Noticed the Enchantress
 58134 | Depths:2 | Killed the Enchantress
 58466 | Depths:2 | Found a one-way gateway to a ziggurat.
 58694 | Depths:2 | Noticed Mara
 58703 | Depths:2 | Killed Mara
 58832 | Depths:2 | Noticed Vv
 58843 | Depths:2 | Killed Vv
 58863 | Depths:2 | Found a one-way gate leading to the halls of Pandemonium.
 59164 | Depths:2 | Identified the +3 robe of Howling Wind {Will+ Regen+}
 59164 | Depths:2 | Noticed Boris
 59171 | Depths:2 | Killed Boris
 59180 | Depths:2 | Identified the amulet of the Haunted Lemon {Will+ Regen+
                  | Dex+2}
 59225 | Depths:3 | Identified the +7 hand axe "Vyxuinoi" {speed, Will+ Str-4
                  | Int+5 Stlth+}
 59609 | Depths:1 | Reached XP level 26. HP: 196/196 MP: 23/23
 59634 | Depths:1 | Noticed a juggernaut
 59639 | Depths:1 | Killed a juggernaut
 60008 | Depths:3 | Noticed Jory
 60025 | Depths:3 | Killed Jory
 60158 | Depths:3 | Found a one-way gate to the infinite horrors of the Abyss.
 60231 | Depths:3 | Noticed a royal mummy
 60236 | Depths:3 | Killed a royal mummy
 60281 | Depths:3 | Noticed a royal mummy
 60289 | Depths:3 | Killed a royal mummy
 60319 | Depths:3 | Noticed a royal mummy
 60319 | Depths:3 | Found the +7 sceptre of Torment {pain, torment}
 60329 | Depths:3 | Killed a royal mummy
 60765 | Depths:4 | Entered Level 4 of the Depths
 60848 | Depths:4 | Identified the +7 war axe of the Gloaming {venom, *Slow
                  | rPois rF+ Dex+3}
 61151 | Depths:4 | Found a gate to the Realm of Zot.
 61288 | Depths:4 | Noticed a juggernaut
 61295 | Depths:4 | Killed a juggernaut
 61296 | Depths:4 | Found Moalimo's Serpentskin Sales.
 61840 | Zot:1    | Entered Level 1 of the Realm of Zot
 62012 | Zot:1    | Reached XP level 27. HP: 163/206 MP: 23/23
 62026 | Zot:1    | Noticed an orb of fire
 62028 | Zot:1    | Killed an orb of fire
 63506 | Zot:3    | Noticed an orb of fire
 63521 | Zot:3    | Killed an orb of fire
 63560 | Zot:3    | Found a viscous altar of Jiyva.
 64104 | Zot:3    | Got the Dissertation on the Undead and the Solution
 65481 | Zot:5    | Entered Level 5 of the Realm of Zot
 65517 | Zot:5    | Identified the +2 cloak of Cettoeli {Will+ Str-3 Int+5
                  | Dex-3}
 65652 | Zot:5    | Noticed a dread lich
 65660 | Zot:5    | Killed a dread lich
 65667 | Zot:5    | Noticed an orb of fire
 65672 | Zot:5    | Gained mutation: You occasionally lose the ability to read
                  | scrolls when taking damage. [an orb of fire]
 65678 | Zot:5    | Gained mutation: Your body sometimes deteriorates upon
                  | taking damage. [an orb of fire]
 65680 | Zot:5    | Gained mutation: You are frail. (-10% HP) [an orb of fire]
 65681 | Zot:5    | Killed an orb of fire
 65684 | Zot:5    | Noticed an ancient lich
 65697 | Zot:5    | Killed an ancient lich
 65698 | Zot:5    | Noticed an ancient lich
 65746 | Zot:5    | Killed an ancient lich
 65766 | Zot:5    | Noticed an ancient lich
 65771 | Zot:5    | Killed an ancient lich
 66134 | Zot:5    | Noticed an orb of fire
 66157 | Zot:5    | Gained mutation: You are clumsy. (Dex -2) [an orb of fire]
 66160 | Zot:5    | Gained mutation: You are dopey. (Int -2) [an orb of fire]
 66160 | Zot:5    | Gained mutation: You are very clumsy. (Dex -4) [an orb of
                  | fire]
 66161 | Zot:5    | Killed an orb of fire
 67127 | Slime:1  | Entered Level 1 of the Pits of Slime
 67186 | Slime:1  | Gained mutation: You are very dopey. (Int -4) [a shining
                  | eye]
 68897 | Slime:5  | Entered Level 5 of the Pits of Slime
 68952 | Slime:5  | Noticed the Royal Jelly
 68984 | Slime:5  | Killed the Royal Jelly
 69212 | Slime:5  | Identified the amulet of Bimebol {Faith Str+3}
 69253 | Slime:5  | Identified the +6 longbow of Ika Tudd {flame, rElec Stlth+}
 69480 | Slime:5  | Identified the death talisman of Voracious Surprise {Dex+3}
 69504 | Slime:5  | Identified the ring "Sivem" {rF+ rCorr Str+4 Int-3}
 69529 | Slime:5  | Got a slimy rune of Zot
 69580 | Slime:5  | Lost mutation: You occasionally lose the ability to read
                  | scrolls when taking damage. [a shining eye]
 70419 | Depths:3 | Voluntarily entered the Abyss.
 70537 | Abyss:3  | Found a corrupted altar of Lugonu.
 70896 | Abyss:3  | Paralysed by accursed screaming for 1 turns
 71093 | Abyss:3  | Gained mutation: Your health recovers twice as slowly from
                  | being drained. [a cacodemon]
 71294 | Abyss:3  | Noticed a dread lich
 71301 | Abyss:3  | Killed a dread lich
 71346 | Abyss:3  | Learned a level 2 spell: Blink
 71354 | Abyss:3  | Learned a level 7 spell: Manifold Assault
 71382 | Abyss:3  | Learned a level 2 spell: Lesser Beckoning
 71386 | Abyss:3  | Learned a level 3 spell: Maxwell's Portable Piledriver
 71446 | Abyss:3  | Reached skill level 1 in Translocations
 71448 | Abyss:3  | Reached skill level 1 in Spellcasting
 71498 | Abyss:3  | Noticed an ancient lich
 71507 | Abyss:3  | Killed an ancient lich
 71614 | Abyss:3  | Paralysed by accursed screaming for 2 turns
 71692 | Abyss:3  | Gained mutation: You are occasionally teleported next to
                  | monsters. [a shining eye]
 71694 | Abyss:3  | Gained mutation: You occasionally lose the ability to read
                  | scrolls when taking damage. [a shining eye]
 71999 | Abyss:3  | Found a corrupted altar of Lugonu.
 72128 | Abyss:3  | Reached skill level 5 in Translocations
 72310 | Abyss:3  | Reached skill level 5 in Spellcasting
 72413 | Abyss:3  | Gained mutation: Your body often deteriorates upon taking
                  | damage. [a neqoxec]
 72672 | Abyss:3  | Found a glowing golden altar of the Shining One.
 72693 | Abyss:3  | Noticed a juggernaut
 72695 | Abyss:3  | Killed a juggernaut
 72698 | Abyss:3  | Got an abyssal rune of Zot
 72810 | Abyss:3  | Found a corrupted altar of Lugonu.
 72880 | Depths:3 | Escaped the Abyss
 72891 | Depths:3 | Lost mutation: You are very clumsy. (Dex -4) [potion of
                  | mutation]
 72891 | Depths:3 | Lost mutation: You occasionally lose the ability to read
                  | scrolls when taking damage. [potion of mutation]
 72891 | Depths:3 | Gained mutation: You are vulnerable to cold. (rC-) [potion
                  | of mutation]
 72892 | Depths:3 | Lost mutation: Your body often deteriorates upon taking
                  | damage. [potion of mutation]
 72892 | Depths:3 | Lost mutation: You are occasionally teleported next to
                  | monsters. [potion of mutation]
 72892 | Depths:3 | Lost mutation: Your body sometimes deteriorates upon taking
                  | damage. [potion of mutation]
 72892 | Depths:3 | Gained mutation: You expend magic power (3 MP) to
                  | strengthen your wands. [potion of mutation]
 72893 | Depths:3 | Lost mutation: You expend magic power (3 MP) to strengthen
                  | your wands. [potion of mutation]
 72893 | Depths:3 | Lost mutation: You are vulnerable to cold. (rC-) [potion of
                  | mutation]
 72893 | Depths:3 | Lost mutation: Your health recovers twice as slowly from
                  | being drained. [potion of mutation]
 72893 | Depths:3 | Gained mutation: You are vulnerable to heat. (rF-) [potion
                  | of mutation]
 72893 | Depths:3 | Gained mutation: Your muscles are strong. (Str +4, Int/Dex
                  | -1) [potion of mutation]
 72894 | Depths:3 | Lost mutation: Your muscles are strong. (Str +4, Int/Dex
                  | -1) [potion of mutation]
 72894 | Depths:3 | Lost mutation: You are frail. (-10% HP) [potion of
                  | mutation]
 72894 | Depths:3 | Gained mutation: You occasionally shout uncontrollably at
                  | your foes. [potion of mutation]
 72894 | Depths:3 | Gained mutation: You are very clumsy. (Dex -4) [potion of
                  | mutation]
 72894 | Depths:3 | Gained mutation: You have hidden genetic defects. [potion
                  | of mutation]
 72894 | Depths:3 | Lost mutation: You have hidden genetic defects. [potion of
                  | mutation]
 72895 | Depths:3 | Lost mutation: You are very clumsy. (Dex -4) [potion of
                  | mutation]
 72895 | Depths:3 | Lost mutation: You are very dopey. (Int -4) [potion of
                  | mutation]
 72895 | Depths:3 | Gained mutation: You expend magic power (3 MP) to
                  | strengthen your wands. [potion of mutation]
 72895 | Depths:3 | Gained mutation: You occasionally lose the ability to read
                  | scrolls when taking damage. [potion of mutation]
 72895 | Depths:3 | Gained mutation: You are very vulnerable to heat. (rF--)
                  | [potion of mutation]
 72895 | Depths:3 | Lost mutation: You are clumsy. (Dex -2) [potion of
                  | mutation]
 72896 | Depths:3 | Lost mutation: You are very vulnerable to heat. (rF--)
                  | [potion of mutation]
 72896 | Depths:3 | Lost mutation: You occasionally shout uncontrollably at
                  | your foes. [potion of mutation]
 72896 | Depths:3 | Gained mutation: You are partially covered in iridescent
                  | scales. (AC +2) [potion of mutation]
 72896 | Depths:3 | Gained mutation: Your muscles are strong. (Str +4, Int/Dex
                  | -1) [potion of mutation]
 72897 | Depths:3 | Lost mutation: You are partially covered in iridescent
                  | scales. (AC +2) [potion of mutation]
 72897 | Depths:3 | Lost mutation: You expend magic power (3 MP) to strengthen
                  | your wands. [potion of mutation]
 72897 | Depths:3 | Lost mutation: You are vulnerable to heat. (rF-) [potion of
                  | mutation]
 72897 | Depths:3 | Gained mutation: You sometimes lose your temper in combat.
                  | [potion of mutation]
 72897 | Depths:3 | Gained mutation: You have hidden genetic defects. [potion
                  | of mutation]
 72897 | Depths:3 | Gained mutation: Your spells are a little harder to cast,
                  | but a little more powerful. [potion of mutation]
 72898 | Depths:3 | Lost mutation: You occasionally lose the ability to read
                  | scrolls when taking damage. [potion of mutation]
 72898 | Depths:3 | Lost mutation: Your muscles are strong. (Str +4, Int/Dex
                  | -1) [potion of mutation]
 72898 | Depths:3 | Lost mutation: You are dopey. (Int -2) [potion of mutation]
 72898 | Depths:3 | Gained mutation: You are dopey. (Int -2) [potion of
                  | mutation]
 72899 | Depths:3 | Lost mutation: You sometimes lose your temper in combat.
                  | [potion of mutation]
 72899 | Depths:3 | Lost mutation: You are dopey. (Int -2) [potion of mutation]
 72899 | Depths:3 | Lost mutation: You have hidden genetic defects. [potion of
                  | mutation]
 72899 | Depths:3 | Gained mutation: Your muscles are strong. (Str +4, Int/Dex
                  | -1) [potion of mutation]
 72977 | Depths:3 | Acquired a manual of Shields
 72978 | Depths:3 | Acquired a manual of Dodging
 73334 | Pan      | Entered Pandemonium
 73575 | Pan      | Identified the +10 flail of Plog {freeze, Will+ Stlth+}
 73714 | Pan      | Noticed Caesuu the pandemonium lord
 73739 | Pan      | Noticed Eraoczom the pandemonium lord
 73744 | Pan      | Killed Eraoczom the pandemonium lord
 73779 | Pan      | Got a demonic rune of Zot
 73899 | Pan      | Entered the realm of Mnoleg.
 73943 | Pan      | Found an exit through the horrors of the Abyss.
 73979 | Pan      | Identified the +2 quarterstaff of Big Damage {freeze, rPois
                  | rCorr Str+2 Int+3}
 74223 | Pan      | Noticed Mnoleg
 74229 | Pan      | Killed Mnoleg
 74280 | Pan      | Got a glowing rune of Zot
 74401 | Pan      | Found an exit through the horrors of the Abyss.
 74447 | Pan      | Entered the realm of Cerebov.
 74458 | Pan      | Found the +6 sword of Cerebov {flame}
 74458 | Pan      | Noticed Cerebov
 74469 | Pan      | Killed Cerebov
 74570 | Pan      | Got a fiery rune of Zot
 74666 | Pan      | Reached skill level 10 in Translocations
 74800 | Pan      | Noticed Ugaodazu the pandemonium lord
 74843 | Pan      | Found an exit through the horrors of the Abyss.
 74852 | Pan      | Took an exit into the Abyss.
 74852 | Abyss:4  | Escaped into the Abyss
 74876 | Depths:1 | Escaped the Abyss
 74878 | Pan      | Entered the realm of Gloorx Vloq.
 74878 | Pan      | Entered Pandemonium
 75055 | Pan      | Noticed Gloorx Vloq
 75058 | Pan      | Killed Gloorx Vloq
 75109 | Pan      | Reached skill level 10 in Spellcasting
 75238 | Pan      | Got a dark rune of Zot
 75655 | Depths:1 | Escaped Pandemonium
 75657 | Pan      | Entered the realm of Lom Lobon.
 75657 | Pan      | Entered Pandemonium
 75710 | Pan      | Noticed Lom Lobon
 75764 | Pan      | Killed Lom Lobon
 75852 | Pan      | Got a magical rune of Zot
 75924 | Pan      | Identified the +4 spear of Eclous Seize {venom, rElec rC+++
                  | Int+2 Stlth+}
 75953 | Pan      | Found an exit through the horrors of the Abyss.
 76009 | Pan      | Took an exit into the Abyss.
 76009 | Abyss:4  | Escaped into the Abyss
 76301 | Depths:1 | Escaped the Abyss
 76404 | Hell     | Entered the Vestibule of Hell
 76404 | Hell     | Noticed Geryon
 76406 | Hell     | Noticed Murray
 76414 | Hell     | Killed Geryon
 76444 | Hell     | Killed Murray
 76624 | Hell     | Found a gateway to the decaying netherworld of Tartarus.
 76677 | Hell     | Found a gateway to the freezing wastes of Cocytus.
 76736 | Hell     | Found a gateway to the Iron City of Dis.
 76794 | Hell     | Found a gateway to the ashen valley of Gehenna.
 77123 | Tar:1    | Entered Level 1 of Tartarus
 77620 | Tar:3    | Noticed an ancient lich
 77630 | Tar:3    | Killed an ancient lich
 78227 | Tar:5    | Noticed an ancient lich
 78231 | Tar:5    | Killed an ancient lich
 78363 | Tar:6    | Noticed an ancient lich
 78367 | Tar:6    | Killed an ancient lich
 78641 | Tar:7    | Entered Level 7 of Tartarus
 78797 | Tar:7    | Noticed an ancient lich
 78804 | Tar:7    | Killed an ancient lich
 78828 | Tar:7    | Identified the +6 chain mail "Apheyfra" {rElec Will- Str+4
                  | Dex+4}
 78829 | Tar:7    | Identified the ring "Otitu" {rPois rN+ Int+3}
 78837 | Tar:7    | Identified the +0 ring mail of the Unbroken {+Inv Will-
                  | Str+2 Int+4}
 78848 | Tar:7    | Noticed an ancient lich
 78848 | Tar:7    | Noticed an ancient lich
 78851 | Tar:7    | Killed an ancient lich
 78852 | Tar:7    | Noticed the Serpent of Hell
 78855 | Tar:7    | Noticed Ereshkigal
 78857 | Tar:7    | Killed an ancient lich
 78859 | Tar:7    | Killed Ereshkigal
 78863 | Tar:7    | Reached skill level 15 in Translocations
 78873 | Tar:7    | Killed the Serpent of Hell
 79208 | Tar:7    | Noticed an ancient lich
 79210 | Tar:7    | Killed an ancient lich
 79273 | Tar:7    | Reached skill level 27 in Fighting
 79564 | Tar:7    | Identified the +1 halberd of Mastery {freeze, *Noise rPois
                  | Will+ rCorr}
 79617 | Tar:7    | Got a bone rune of Zot
 79728 | Tar:7    | Noticed an ancient lich
 79734 | Tar:7    | Killed an ancient lich
 79858 | Coc:1    | Entered Level 1 of Cocytus
 80939 | Coc:4    | Reached skill level 15 in Spellcasting
 81097 | Coc:5    | Reached skill level 27 in Unarmed Combat
 81553 | Coc:7    | Entered Level 7 of Cocytus
 82142 | Coc:7    | Paralysed by a wendigo for 1 turns
 82398 | Coc:7    | Reached skill level 27 in Shapeshifting
 82437 | Coc:7    | Paralysed by a wendigo for 1 turns
 82610 | Coc:7    | Noticed Antaeus
 82616 | Coc:7    | Killed Antaeus
 82686 | Coc:7    | Got an icy rune of Zot
 82780 | Coc:7    | Got the Catalogue of Cloudy Damage
 82935 | Dis:1    | Entered Level 1 of the Iron City of Dis
 84253 | Dis:7    | Entered Level 7 of the Iron City of Dis
 84417 | Dis:7    | Noticed a juggernaut
 84420 | Dis:7    | Killed a juggernaut
 84483 | Dis:7    | Noticed a juggernaut
 84489 | Dis:7    | Killed a juggernaut
 84647 | Dis:7    | Noticed a juggernaut
 84653 | Dis:7    | Killed a juggernaut
 84954 | Dis:7    | Identified the amulet "Duleus" {Reflect rN+ Will+ SH+5}
 84956 | Dis:7    | Identified the +7 morningstar "Umnuox" {freeze, Dex+2}
 85655 | Dis:7    | Noticed Dispater
 85666 | Dis:7    | Killed Dispater
 85701 | Dis:7    | Identified the +7 giant club of Atwapug {spect, rN+++ Str-4
                  | Dex+2}
 85703 | Dis:7    | Got an iron rune of Zot
 85704 | Dis:7    | Identified the +5 sling "Jotamac" {flame, *Corrode rPois
                  | rC- SInv}
 85817 | Dis:7    | Identified the +5 whip of the Grave {flame, MP+9}
 86003 | Geh:1    | Entered Level 1 of Gehenna
 86328 | Geh:3    | You fall into a shaft and drop 3 floors!
 87576 | Geh:7    | Entered Level 7 of Gehenna
 87951 | Geh:7    | Identified the +4 broad axe "Dypnirgh" {flame, ^Fragile Fly
                  | rElec Int+3}
 88205 | Geh:7    | Found the +13 sceptre of Asmodeus
 88205 | Geh:7    | Noticed Asmodeus
 88212 | Geh:7    | Killed Asmodeus
 88309 | Geh:7    | Got an obsidian rune of Zot
 88723 | Geh:7    | Got the Compendium of the Butcher
 89427 | Tomb:1   | Entered Level 1 of the Tomb of the Ancients
 89753 | Tomb:1   | Identified the +3 robe of Sorcery {-Cast Regen+ Str+4}
 89753 | Tomb:1   | Noticed Boris
 89760 | Tomb:1   | Killed Boris
 90307 | Tomb:1   | Noticed a royal mummy
 90315 | Tomb:1   | Killed a royal mummy
 90635 | Tomb:2   | Noticed a royal mummy
 90637 | Tomb:2   | Noticed a royal mummy
 90637 | Tomb:2   | Noticed a royal mummy
 90638 | Tomb:2   | Noticed a royal mummy
 90640 | Tomb:2   | Noticed a royal mummy
 90641 | Tomb:2   | Killed a royal mummy
 90643 | Tomb:2   | Killed a royal mummy
 90644 | Tomb:2   | Killed a royal mummy
 90646 | Tomb:2   | Killed a royal mummy
 90647 | Tomb:2   | Killed a royal mummy
 90683 | Tomb:2   | Identified the +3 long sword "Efotyhug" {chaos, rElec rCorr
                  | Dex+4 Stlth+}
 91067 | Tomb:1   | Noticed a royal mummy
 91067 | Tomb:1   | Noticed a royal mummy
 91073 | Tomb:1   | Killed a royal mummy
 91073 | Tomb:1   | Killed a royal mummy
 91087 | Tomb:1   | Noticed a royal mummy
 91090 | Tomb:1   | Killed a royal mummy
 91091 | Tomb:1   | Reached skill level 27 in Shields
 91091 | Tomb:1   | Noticed a royal mummy
 91097 | Tomb:1   | Killed a royal mummy
 91215 | Tomb:1   | Noticed a royal mummy
 91222 | Tomb:1   | Killed a royal mummy
 91225 | Tomb:1   | Noticed a royal mummy
 91229 | Tomb:1   | Killed a royal mummy
 91409 | Tomb:1   | Noticed a royal mummy
 91413 | Tomb:1   | Killed a royal mummy
 91467 | Tomb:1   | Noticed a royal mummy
 91478 | Tomb:1   | Killed a royal mummy
 91682 | Tomb:1   | Noticed a royal mummy
 91688 | Tomb:1   | Killed a royal mummy
 91722 | Tomb:1   | Noticed a royal mummy
 91725 | Tomb:1   | Noticed a royal mummy
 91726 | Tomb:1   | Noticed a royal mummy
 91730 | Tomb:1   | Killed a royal mummy
 91730 | Tomb:1   | Killed a royal mummy
 91730 | Tomb:1   | Killed a royal mummy
 91755 | Tomb:1   | Noticed a royal mummy
 91759 | Tomb:1   | Killed a royal mummy
 91803 | Tomb:1   | Noticed a royal mummy
 91809 | Tomb:1   | Killed a royal mummy
 91837 | Tomb:1   | Noticed a royal mummy
 91843 | Tomb:1   | Killed a royal mummy
 91847 | Tomb:1   | Noticed a royal mummy
 91852 | Tomb:1   | Killed a royal mummy
 91855 | Tomb:1   | Noticed a royal mummy
 91862 | Tomb:1   | Killed a royal mummy
 91890 | Tomb:1   | Noticed a royal mummy
 91896 | Tomb:1   | Killed a royal mummy
 91900 | Tomb:1   | Noticed a royal mummy
 91900 | Tomb:1   | Noticed a royal mummy
 91900 | Tomb:1   | Noticed a royal mummy
 91904 | Tomb:1   | Killed a royal mummy
 91908 | Tomb:1   | Killed a royal mummy
 91918 | Tomb:1   | Killed a royal mummy
 92428 | Tomb:3   | Entered Level 3 of the Tomb of the Ancients
 92454 | Tomb:3   | Noticed a royal mummy
 92456 | Tomb:3   | Noticed a royal mummy
 92457 | Tomb:3   | Noticed a royal mummy
 92459 | Tomb:3   | Noticed a royal mummy
 92463 | Tomb:3   | Noticed a royal mummy
 92463 | Tomb:3   | Noticed a royal mummy
 92475 | Tomb:3   | Noticed a royal mummy
 92476 | Tomb:3   | Noticed a royal mummy
 92476 | Tomb:3   | Noticed a royal mummy
 92476 | Tomb:3   | Killed a royal mummy
 92482 | Tomb:3   | Killed a royal mummy
 92486 | Tomb:3   | Killed a royal mummy
 92490 | Tomb:3   | Killed a royal mummy
 92491 | Tomb:3   | Killed a royal mummy
 92500 | Tomb:3   | Killed a royal mummy
 92642 | Tomb:3   | Killed a royal mummy
 92657 | Tomb:3   | Killed a royal mummy
 92674 | Tomb:3   | Killed a royal mummy
 92747 | Tomb:3   | Found the +10 Black Knight's barding {ponderous, rPois rN+}
 92757 | Tomb:3   | Identified the ring "Ole Vere" {rElec rN+ Will+ Str+4 SInv}
 92765 | Tomb:3   | Identified the +9 flail "Fiwuergh" {flame, Int+4}
 92773 | Tomb:3   | Identified the +5 shortbow of Tortfeasance {antimagic,
                  | rPois rN+ Will+ Str-5}
 92774 | Tomb:3   | Identified the amulet "Wataipp" {Faith rPois}
 93092 | Tomb:3   | Got a golden rune of Zot
 93914 | Zot:5    | Got the Orb of Zot
 94062 | Zot:1    | Reached skill level 27 in Dodging
 94089 | Zot:1    | Noticed Feabb the pandemonium lord
 94092 | Zot:1    | Killed Feabb the pandemonium lord
 94427 | D:7      | Noticed Keogaxal the pandemonium lord
 94438 | D:7      | Killed Keogaxal the pandemonium lord
 94635 | D:$      | Escaped with the Orb!

Illustrated notes

Levels and vault maps discovered:
D:1:      dpeg_arrival_boxes_within_box, layout_basic
D:2:      layout_basic, basic_altar
D:3:      minmay_thinvault, layout_loops_cross
D:4:      minmay_skewed_foursquare, layout_loops_corners,
          fedhas_altar_fruit_tree, minmay_temple_entry_offerings
D:5:      layout_basic, nicolae_sif_muna_condensation, lightli_corner_chamber
D:6:      layout_gridville, serial_shops, shop, serial_park_tiny_pond,
          kennysheep_decorative_pillar, nrook_mini_vaults
D:7:      layout_basic, minitemple, serial_shops, nicolae_shop_hallway_stairs
D:8:      layout_rooms, uniq_psyche
D:9:      layout_roguey, mainiacjoe_overflow_boulevard,
          eat_drink_and_be_merry_uskayaw, trog_hazing_becter
D:10:     layout_rooms, elyvilon_altar_1, due_lair_maze_entry_diamond,
          minivault_25_ag
D:11:     layout_cave_pools, gammafunk_ghost_berserking_beasts
D:12:     layout_basic, minmay_guarded_unrand_finisher, uniq_rupert
D:13:     layout_loops_cross, hangedman_vaults_entry_quadrant_bands
D:14:     layout_basic, kiku_gazebo_garden_becter, minmay_lindwurm_lava,
          uniq_josephine
D:15:     grunt_enter_depths_giant_problem, layout_rooms, serial_park_gazebo
          [serial_park_minivault_5x5_4], hellmonk_scale_shop, uniq_jorgrun,
          uniq_azrael
Temple:   nicolae_temple_figure_eight
Lair:1:   layout_cave_pods, serial_bayou_ford_a, beast_lair_carwin_7,
          lemuel_fruit_fields, lemuel_fruit_tree, uniq_amaemon
Lair:2:   layout_regular_city, minmay_shoals_entry_hut
Lair:3:   layout_gridlike, nicolae_spider_entry_tight_spaces,
          gauntlet_entry_generic, serial_bayou_pond_c, serial_bayou_lagoon_a
Lair:4:   layout_big_grid, serial_rivers, chequers_serial_rivers_small_a,
          chequers_serial_rivers_small_3, chequers_serial_rivers_micro_b,
          chequers_serial_rivers_large_a, chequers_serial_rivers_small_b,
          chequers_serial_rivers_micro_b
Lair:5:   guppyfry_lair_end_dragon, layout_hall_layers,
          hangedman_lair_tendril_chambers, dpeg_slime_entry_enclosed,
          nicolae_quartered_pool_impasse
Shoals:1: nicolae_shoals_mermall, layout_shoals, uniq_frances
Shoals:2: nicolae_shoals_lighthouse, layout_shoals, serial_shops, shop
Shoals:3: layout_shoals, regret_index_shoals_crete
Shoals:4: shoals_end_simple, layout_shoals, shoals_ilsuiw_alternative
Spider:1: layout_spider_delve
Spider:2: nicolae_spider_corner
Spider:3: layout_spider_delve, uniq_bai_suzhen
Spider:4: spider_rune_water
Slime:1:  layout_caves
Slime:2:  layout_caves, nicolae_slime_barrier
Slime:3:  layout_caves
Slime:4:  layout_caves
Slime:5:  slime_pit_nicolae_block_by_block
Orc:1:    giant_chief_lemuel, layout_diamond_mine, serial_shops,
          nicolae_shop_behind_doors, enter_volcano_2, minmay_orc_treasury
Orc:2:    pubby_orc_utopia, uniq_donald, uniq_erolcha, uniq_saint_roka
Elf:1:    minmay_elf_arrival_plus, layout_geoelf_diagonals, serial_shops, shop,
          minmay_elf_necromancy, uniq_roxanne, uniq_louise
Elf:2:    nicolae_elf_blades_crystal_corner, layout_geoelf_octagon,
          lightli_enter_wizlab_magi_temple
Elf:3:    minmay_elf_hall_curves, layout_geoelf_octagon, serial_shops, shop,
          grunt_megastairs_5
Vaults:1: nicolae_vaults_steering_wheel, nicolae_vaults_border_crossing,
          hangedman_vaults_stream, v_misc_10, nicolae_vaults_apartment_1,
          grunt_vaults_focal, vaults_room_door_hall,
          nicolae_vaults_double_plus_2, layout_vaults_chaotic_city, uniq_norris
Vaults:2: nicolae_vaults_lightning_bolt, nicolae_vaults_little_squares_6,
          nicolae_vaults_what_the_h, v_rooms_3, vaults_room_hallway,
          sword_in_stone, nicolae_vaults_little_squares_2,
          nicolae_vaults_sesquioval_fish, nicolae_vaults_two_Ls,
          layout_vaults_omnigrid, serial_shops, shop
Vaults:3: nicolae_vaults_offset_grid_hallway_1, ontoclasm_vaults_ring_small,
          nicolae_vaults_sightless_eye, minmay_crypt_entry_simple_round,
          vaults_dpeg_emergency_exit, ontoclasm_vaults_misaligned,
          nicolae_vaults_rhombus_6, v_misc_33, v_misc_28, v_misc_27,
          ontoclasm_vaults_hangar, nicolae_vaults_shipping_containers_4,
          nicolae_vaults_trapezoid_4, v_misc_8, v_misc_33,
          layout_vaults_omnibox, serial_shops,
          nicolae_shop_bloodbath_and_beyond, uniq_xtahua
Vaults:4: ontoclasm_vaults_shuriken, blackcustard_rock_pile,
          ontoclasm_vaults_decontamination, v_misc_1, nicolae_vaults_diamond_1,
          v_misc_9, hangedman_vaults_stagger, grunt_vaults_diagonal,
          layout_vaults_ring, uniq_zenata
Vaults:5
Crypt:1:  layout_rooms, roderic_lattice_octagonal_star
Crypt:2:  layout_regular_city, grunt_megastairs_2, uniq_margery
Crypt:3:  evilmike_haunted_forest
Tomb:1
Tomb:2
Tomb:3
Depths:1: layout_gridlike, hell_entry, chequers_serial_rivers_micro_c,
          grunt_pan_entry_zigzag, nicolae_two_hexagons, minivault_22,
          kennysheep_kite_vault
Depths:2: constructs_gauntlet_mu_hangedman, layout_gridlike, enter_ziggurat_e,
          rand_demon_pan_entry_5, hell_entry, nicolae_twisty_statue_hallways,
          laboratory, infiniplex_staircase_zigzag_1, firewood_loft, uniq_mara,
          uniq_enchantress, uniq_vv
Depths:3: minmay_guarded_unrand_sceptre_of_torment, layout_cross, abyss_entry,
          grunt_hell_entry_dis_mu, pan_entry, uniq_jory
Depths:4: grunt_zot_entry_funnels, layout_gridville, grunt_metal_band,
          guppyfry_shop_venom, serial_bayou_shore_b, uniq_josephina
Hell
Dis:1:    layout_gridville, glass_columns_a, hangedman_dis_chains,
          lemuel_dis_dragons
Dis:2:    layout_overlapping_boxes
Dis:3:    layout_regular_city, hangedman_dis_decor_tower
Dis:4:    layout_gridville
Dis:5:    layout_jigsaw, glass_columns_a, nicolae_dis_big_boring_drill
Dis:6:    layout_jigsaw
Dis:7:    dis_grunt_layers
Geh:1:    layout_gehenna_lava_caves
Geh:2:    hangedman_generic_boss_arena
Geh:3:    nicolae_hells_demon_pit, layout_gehenna_lava_caves
Geh:4:    layout_gehenna_pools_basic
Geh:5:    layout_gehenna_lava_caves
Geh:6:    layout_gehenna_lava_caves
Geh:7:    geh_grunt_pentagon
Coc:1:    layout_cocytus_water_paths
Coc:2:    layout_cocytus_water_paths
Coc:3:    layout_cocytus_water_paths
Coc:4:    nicolae_coc_through_the_icewall, layout_ice_bergs
Coc:5:    layout_ice_bergs
Coc:6:    layout_cocytus_water_paths
Coc:7:    coc_grunt_cove [coc_grunt_cove_antaeus, coc_grunt_cove_fiend,
          coc_grunt_cove_fiend, coc_grunt_cove_fiend, coc_grunt_cove_fiend]
Tar:1:    layout_honeycomb
Tar:2:    layout_cathedral_of_symmetry
Tar:3:    layout_honeycomb, tekkud_tar_snaking_path
Tar:4:    layout_honeycomb
Tar:5:    layout_grid_maze
Tar:6:    layout_grid_maze
Tar:7:    tar_grunt_cathedral
Zot:1:    cheibrodos_frozen_isle, layout_onion_interference, grunt_megastairs_3
Zot:2:    layout_twisted_circle, grunt_ministairs_13
Zot:3:    regret_index_all_hallows'_manor, layout_twisted_circle,
          regret_index_zotdec_slimy_original
Zot:4:    layout_onion_interference, hangedman_zot_spectrum
Zot:5:    layout_twisted_circle, skrybe_zot_glass_1

Skill      XL: |  1  2  3  4  5  6  7  8  9 10 11 12 13 14 15 16 17 18 19 20 21 22 23 24 25 26 27 |
---------------+----------------------------------------------------------------------------------+-----
Fighting       | 2 3 5 6 7 10 11 13 15 16 17 18 20 21 27 | 27.0
Shapeshifting  | 4 5 6 7 8 10 12 14 16 17 19 21 22 24 25 27 | 27.0
Unarmed Combat | 5 6 7 10 11 12 13 15 16 17 18 20 21 27 | 27.0
Evocations     | 4 5 9 10 12 14 15 | 15.0
Dodging        | 3 5 9 10 12 13 14 15 16 27 | 27.0
Shields        | 2 6 9 10 11 13 14 15 16 27 | 27.0
Translocations | 24 | 24.5
Spellcasting   | 22 | 22.7

Action                     |  1- 3 |  4- 6 |  7- 9 | 10-12 | 13-15 | 16-18 | 19-21 | 22-24 | 25-27 || total
---------------------------+-------+-------+-------+-------+-------+-------+-------+-------+-------++-------
  Melee: Unarmed           |    58 |   122 |   195 |   524 |  1140 |  1338 |  1135 |   908 |  5956 || 11376
         Constrict         |    21 |    40 |    43 |    96 |   214 |   301 |   158 |   177 |   745 ||  1795
         Tentacles         |    12 |    31 |    62 |    87 |       |   294 |   406 |   235 |  1573 ||  2700
         Punch             |     1 |     2 |       |     1 |       |   112 |   184 |   144 |  1218 ||  1662
         Tailslap          |       |       |       |       |       |     2 |       |       |       ||     2
   Cast: Manifold Assault  |       |       |       |       |       |       |       |       |   121 ||   121
         Blink             |       |       |       |       |       |       |       |       |     3 ||     3
 Invoke: Potion Petition   |       |       |       |       |       |       |     4 |       |       ||     4
         Call Merchant     |       |       |       |       |       |       |     6 |       |       ||     6
         Serpent's Lash    |       |       |       |       |       |       |       |     5 |    25 ||    30
         Heavenly Storm    |       |       |       |       |       |       |       |     1 |    12 ||    13
Ability: Lunge             |       |       |       |       |       |       |       |    97 |   606 ||   703
         Whirlwind         |       |       |       |       |       |       |       |   160 |   818 ||   978
         Wall Jump         |       |       |       |       |       |       |       |     2 |    15 ||    17
  Evoke: Wand              |       |       |     1 |    19 |    30 |    12 |     7 |     8 |     8 ||    85
         Phial of floods   |       |       |       |     1 |     2 |       |       |       |       ||     3
         Phantom mirror    |       |       |       |     1 |     3 |     3 |     2 |     1 |       ||    10
         Lightning rod     |       |       |       |       |     4 |     9 |     1 |       |       ||    14
         Box of beasts     |       |       |       |       |     1 |     1 |     1 |     1 |       ||     4
    Use: Potion            |       |     1 |       |     5 |     6 |     5 |       |     8 |    30 ||    55
         Scroll            |       |     8 |    10 |    17 |    14 |    11 |    17 |     7 |    33 ||   117
   Stab: Sleeping          |     6 |     6 |     1 |       |     3 |     8 |     9 |    17 |    39 ||    89
         Distracted        |       |     3 |       |     1 |     6 |    15 |    11 |     3 |    58 ||    97
         Invisible         |       |       |       |       |     8 |       |     3 |       |       ||    11
         Held in net/web   |       |       |       |       |       |     1 |       |       |       ||     1
 Armour: Skin              |    21 |    60 |   107 |   303 |   913 |  1558 |  1140 |   442 |  1706 ||  6250
  Dodge: Dodged            |    30 |    54 |   138 |   303 |   489 |  1504 |  1220 |   525 |  3367 ||  7630
  Block: Kite shield       |       |       |       |       |       |  1211 |  1523 |   707 |  4340 ||  7781
   Form: Flux              |       |       |     1 |       |       |       |       |       |       ||     1
         Serpent           |       |       |       |     1 |       |       |       |       |       ||     1
         Statue            |       |       |       |       |       |     2 |       |       |     2 ||     4
         Dragon            |       |       |       |       |       |     1 |       |       |     1 ||     2
         Death             |       |       |       |       |       |       |       |       |     6 ||     6
                           |       |       |       |       |       |       |       |       |     3 ||     3

Table legend: (Time is in decaauts)
 A = Elapsed time spent in this place.
 B = Non-inter-level travel time spent in this place.
 C = Inter-level travel time spent in this place.
 D = Time resting spent in this place.
 E = Time spent auto-exploring this place.
 F = Levels seen in this place.
 G = Mean time per level.
                   A        B        C        D        E       F      G
               +--------+--------+--------+--------+--------+-----+--------+
         Total | 120500 | 104112 |  16388 |   7841 |  61040 | 109 | 1105.5 |
       Dungeon |  22303 |  17358 |   4945 |   2685 |   8466 |  15 | 1486.9 |
        Temple |    145 |     17 |    128 |      0 |      0 |   1 |  145.0 |
          Lair |   8562 |   7315 |   1247 |   1019 |   2556 |   5 | 1712.4 |
        Shoals |   6907 |   6503 |    404 |    395 |   3903 |   4 | 1726.8 |
   Spider Nest |   5843 |   5536 |    307 |    335 |   3367 |   4 | 1460.8 |
    Slime Pits |   4337 |   3657 |    680 |      9 |   2964 |   5 |  867.4 |
  Orcish Mines |   6315 |   5307 |   1008 |    654 |   2359 |   2 | 3157.5 |
   Elven Halls |   4053 |   3739 |    314 |     93 |   2559 |   3 | 1351.0 |
        Vaults |  11257 |   8964 |   2293 |    136 |   6662 |   5 | 2251.4 |
         Crypt |   4873 |   3730 |   1143 |    184 |   2540 |   3 | 1624.3 |
          Tomb |   4012 |   3756 |    256 |    496 |   2467 |   3 | 1337.3 |
        Depths |   7259 |   5854 |   1405 |     39 |   4399 |   4 | 1814.8 |
          Hell |    983 |    791 |    192 |    115 |    358 |   1 |  983.0 |
           Dis |   4551 |   4254 |    297 |    318 |   2884 |   7 |  650.1 |
       Gehenna |   4773 |   4434 |    339 |    267 |   3346 |   7 |  681.9 |
       Cocytus |   4736 |   4426 |    310 |    511 |   2644 |   7 |  676.6 |
      Tartarus |   4105 |   3925 |    180 |    165 |   2831 |   7 |  586.4 |
           Zot |   7632 |   6701 |    931 |    165 |   4692 |   5 | 1526.4 |
         Abyss |   3506 |   3506 |      0 |     59 |    866 |   6 |  584.3 |
   Pandemonium |   2829 |   2829 |      0 |     67 |    960 |  13 |  217.6 |
        Wizlab |    766 |    766 |      0 |      3 |     67 |   1 |  766.0 |
      Gauntlet |    740 |    740 |      0 |    121 |    145 |   1 |  740.0 |
               +--------+--------+--------+--------+--------+-----+--------+

Top non-repeatable levels by time:
   Orc:2: 3607 daAuts
Vaults:2: 3239 daAuts
 Abyss:3: 2939 daAuts
  Lair:5: 2906 daAuts
 Crypt:3: 2768 daAuts
   Orc:1: 2707 daAuts
    D:13: 2699 daAuts
   Dis:7: 2634 daAuts
Shoals:2: 2628 daAuts
     D:9: 2519 daAuts
Vaults:1: 2478 daAuts
  Tomb:1: 2449 daAuts
   Geh:7: 2334 daAuts
    D:15: 2207 daAuts
Vaults:3: 2206 daAuts
